 Dungeon Crawl Stone Soup version 0.25.1-1-g288607f5aa (webtiles) character file.

Game seed: 14336716221573566901

62 Delamore the Cudgeler (level 4, -2/28 HPs)
             Began as a Gargoyle Fighter on July 20, 2020.
             Slain by a gnoll
             ... wielding a +0 whip
              (6 damage)
             ... on level 1 of the Dungeon.
             The game lasted 00:01:07 (955 turns).

Delamore the Cudgeler (Gargoyle Fighter)             Turns: 955, Time: 00:01:08

Health: -2/28      AC: 10    Str: 21    XL:     4   Next: 8%
Magic:  4/4        EV:  7    Int:  8    God:
Gold:   74         SH:  9    Dex:  9    Spells: 3/3 levels left

rFire    . . .     SeeInvis .   a - +0 flail
rCold    . . .     Gourm    .   c - +0 kite shield
rNeg     + . .     Faith    .   b - +0 scale mail
rPois    ∞         Spirit   .   (no helmet)
rElec    +         Reflect  .   (no cloak)
rCorr    .         Harm     .   (no gloves)
MR       .....                  (no boots)
Stlth    ..........             (no amulet)
HPRegen  0.09/turn              (no ring)
MPRegen  0.09/turn              (no ring)

@: no status effects
A: negative energy resistance 1, electricity resistance, unbreathing,
petrification resistance, rot immunity, AC +3
a: no special abilities


You were on level 1 of the Dungeon.
You were not hungry.

You visited 1 branch of the dungeon, and saw 2 of its levels.

You collected 74 gold pieces.

Inventory:

Hand Weapons
 a - a +0 flail (weapon)
Missiles
 i - 4 poisoned darts (quivered)
Armour
 b - a +0 scale mail (worn)
 c - a +0 kite shield (worn)
Scrolls
 h - a scroll of magic mapping {unknown}
 k - a scroll of noise {unknown}
 l - a scroll of teleportation {unknown}
Potions
 d - 2 potions of might
 e - a potion of resistance {unknown}
 j - a potion of invisibility {unknown}
Comestibles
 f - 4 rations
 g - 4 chunks of flesh


   Skills:
 - Level 3.2 Fighting
 + Level 4.2 Maces & Flails
 - Level 3.2 Armour
 - Level 3.2 Shields


You had 3 spell levels left.
You didn't know any spells.
Your spell library was empty.

Dungeon Overview and Level Annotations

Branches:
Dungeon (2/15)

Altars:


Innate Abilities, Weirdness & Mutations

You are resistant to torment.
Your stone body is resilient. (AC +3)
You are immune to poison.
You resist negative energy. (rN+)
You are resistant to electric shocks. (rElec)
You can survive without breathing.
You are immune to petrification.
You are immune to rotting.


Message History

The worm is severely wounded.
The gnoll hits you but does no damage. You block the gnoll's attack.
The worm bites you but does no damage. The gnoll hits you with a +0 flail.
* * * LOW HITPOINT WARNING * * *
The gnoll hits you but does no damage. x2
You sock the worm!
You kill the worm!
The gnoll hits you but does no damage. x3
You block the gnoll's attack. The gnoll hits you but does no damage.
Things that are here:
a +0 whip; a worm corpse; a kobold corpse You block the gnoll's attack.
You closely miss the gnoll. The gnoll hits you but does no damage.
You thump the gnoll!
The gnoll is severely wounded.
The gnoll hits you with a +0 whip.
* * * LOW HITPOINT WARNING * * *
Your scale mail prevents you from hitting the gnoll.
You block the gnoll's attack. The gnoll hits you with a +0 whip.
You die...

#⌠..#....#..⌠###..####'###.#.#.#
##..##''##..###..##.....##.....#
#'##....##'# #..##.....########
#..........# #..##..^..# ###
#≈≈≈.<..≈≈≈# #..##.....## #.#
###≈≈≈≈≈≈≈≈####...+......# #.#
##############...##......# #.#
.####≈≈≈≈####..#.####..#.######.#
...##≈..≈##....g@#...........##.#
....##''##..####g#.##...........#
#..........#####g#.###..(###.##.#
##...............#.###...# #.##.#
####.......###....g.....###.##.#
#.......# #.......(......##.#
#.......###.....##...######.#
##........##.....##.))# #.#
#.........##.....##..># #..


You could see 3 gnolls.

Vanquished Creatures
  A gnoll (D:1)
  An ooze (D:1)
  A worm (D:1)
  4 dart slugs (D:1)
  2 leopard geckos (D:1)
  3 bats (D:1)
  4 giant cockroaches (D:1)
  2 goblins (D:1)
  4 hobgoblins (D:1)
  A ball python (D:1)
  4 frilled lizards (D:1)
  5 kobolds (D:1)
  3 rats (D:1)
35 creatures vanquished.

Notes
Turn   | Place    | Note
-------+----------+-------------------------------------------
     0 | D:1      | Delamore the Gargoyle Fighter began the quest for the Orb.
     0 | D:1      | Reached XP level 1. HP: 14/14 MP: 1/1
    27 | D:1      | Reached XP level 2. HP: 19/19 MP: 2/2
    59 | D:1      | Reached skill level 3 in Maces & Flails
   266 | D:1      | Reached XP level 3. HP: 23/23 MP: 3/3
   816 | D:1      | Reached skill level 4 in Maces & Flails
   816 | D:1      | Reached XP level 4. HP: 17/28 MP: 4/4
   955 | D:1      | Slain by a gnoll

Illustrated notes

Levels and vault maps discovered:
D:1:      denvon_arrival_waterhouse, layout_basic
D:2:      layout_rooms, lemuel_round_altar, lemuel_coloured_pillars_altar,
          chequers_ecumenical_altar_simple, grunt_ministairs_1,
          minmay_hexomino_c4, uniq_natasha

Skill      XL: |  1  2  3 |
---------------+----------+-----
Maces & Flails | 3 4 |  4.2
Fighting       | |  3.2
Armour         | |  3.2
Shields        | |  3.2

Action                   |  1- 3 |  4- 6 || total
-------------------------+-------+-------++-------
Melee: Flail             |   109 |    10 ||   119
Armor: Scale mail        |    79 |    12 ||    91
Dodge: Dodged            |    37 |     4 ||    41
Block: Kite shield       |    77 |     8 ||    85
